[ PARTIDA AOE2 · #476672274 ]
UnrankedJemeres vs Bohemians
[ ANÁLISIS DE REPETICIÓN · EXTRAÍDO DE LA PARTIDA GRABADA ]
Feudal
10:24
Castillos
16:45
Imperial
30:56
| APM promedio | 27.9 |
| APM pico | 101 |
| eAPM promedio | 19.7 |
| Aldeanos / militares | 130 / 205 |
Foco
⚔️ 41.1% · 🌾 58.9%
Battle Elephant ×120 · Scorpion ×77 · Spearman ×4 · Monk ×2 · Scout Cavalry ×2
Feudal
10:56
Castillos
15:16
Imperial
29:31
| APM promedio | 31.7 |
| APM pico | 81 |
| eAPM promedio | 18.4 |
| Aldeanos / militares | 152 / 143 |
Foco
⚔️ 25.9% · 🌾 74.1%
Hussite Wagon ×132 · Bombard Cannon ×8 · Monk ×3
Feudal
11:18
Castillos
15:24
Imperial
29:56
| APM promedio | 23.8 |
| APM pico | 55 |
| eAPM promedio | 13.1 |
| Aldeanos / militares | 125 / 437 |
Foco
⚔️ 38.6% · 🌾 61.4%
Spearman ×281 · Huskarl ×153 · Trebuchet (Packed) ×2 · Militia ×1
Feudal
10:06
Castillos
13:36
Imperial
30:32
| APM promedio | 34.0 |
| APM pico | 76 |
| eAPM promedio | 16.9 |
| Aldeanos / militares | 146 / 165 |
Foco
⚔️ 26.5% · 🌾 73.5%
Archer ×132 · Bombard Cannon ×22 · Shotel Warrior ×4 · Monk ×3 · Petard ×2 · Trebuchet (Packed) ×2
Feudal
15:59
Castillos
33:15
Imperial
50:06
| APM promedio | 10.9 |
| APM pico | 188 |
| eAPM promedio | 10.5 |
| Aldeanos / militares | 54 / 100 |
Foco
⚔️ 42.6% · 🌾 57.4%
Archer ×28 · Militia ×24 · Plumed Archer ×19 · Skirmisher ×15 · Spearman ×14
Feudal
11:22
Castillos
15:29
Imperial
29:10
| APM promedio | 21.4 |
| APM pico | 55 |
| eAPM promedio | 12.7 |
| Aldeanos / militares | 178 / 299 |
Foco
⚔️ 28.2% · 🌾 71.8%
Militia ×129 · Spearman ×121 · Gbeto ×36 · Bombard Cannon ×7 · Trebuchet (Packed) ×6
Feudal
10:17
Castillos
15:04
Imperial
31:14
| APM promedio | 30.1 |
| APM pico | 87 |
| eAPM promedio | 21.1 |
| Aldeanos / militares | 207 / 335 |
Foco
⚔️ 24.7% · 🌾 75.3%
Archer ×175 · Knight ×105 · War Elephant ×50 · Trebuchet (Packed) ×5
Feudal
12:17
Castillos
16:21
Imperial
29:40
| APM promedio | 18.4 |
| APM pico | 47 |
| eAPM promedio | 11.9 |
| Aldeanos / militares | 143 / 336 |
Foco
⚔️ 27.8% · 🌾 72.2%
Spearman ×163 · Skirmisher ×128 · Hand Cannoneer ×40 · Archer ×3 · Bombard Cannon ×1 · Trebuchet (Packed) ×1
Mapa de la partida
Recursos iniciales + cada clic de construcción. Líneas = muros · curvas = relieve. ◆ oro · ⬟ piedra · ● bayas · ✦ reliquia · ◌ hueco del cierre
Tu base· ✓ Cerrada en 16:45 · 0t muro · 3 puerta(s)
Base de Lucas· ✓ Cerrada en 15:16 · 0t muro · 2 puerta(s)
Base de Cordeiro· ✓ Cerrada en 15:24 · 0t muro · 2 puerta(s)
Base de Throxic· ✓ Cerrada en 13:36 · 0t muro · 2 puerta(s)
Base de ZONA⚡ LAG· ✓ Cerrada en 33:15 · 0t muro · 2 puerta(s)
Base de mlovdada· ✓ Cerrada en 15:29 · 0t muro · 2 puerta(s)
Base de Jeff· ✓ Cerrada en 15:04 · 0t muro · 2 puerta(s)
Base de Nick Z· ✓ Cerrada en 16:21 · 0t muro · 2 puerta(s)
Terreno inicial suavizado · ◌ = hueco del cierre detectado · pasá el cursor para detalles
Inputs por minuto
— Junior - - Lucas
Build order — Junior
Primeras 150 de 558 acciones detectadas
| 0:01 | Crear | Villager (Male) |
| 0:02 | Crear | Villager (Male) |
| 0:02 | Crear | Villager (Male) |
| 0:02 | Crear | Villager (Male) |
| 0:03 | Crear | Villager (Male) |
| 0:05 | Construir | House |
| 0:07 | Construir | House |
| 1:30 | Crear | Villager (Male) |
| 1:30 | Crear | Villager (Male) |
| 1:55 | Construir | Lumber Camp |
| 2:11 | Crear | Villager (Male) |
| 2:11 | Crear | Villager (Male) |
| 2:20 | Crear | Villager (Male) |
| 2:20 | Crear | Villager (Male) |
| 2:21 | Crear | Villager (Male) |
| 2:53 | Crear | Villager (Male) |
| 2:53 | Crear | Villager (Male) |
| 3:18 | Crear | Villager (Male) |
| 3:19 | Crear | Villager (Male) |
| 3:21 | Construir | House |
| 4:03 | Investigar | Loom |
| 4:03 | Investigar | Loom |
| 4:06 | Construir | House |
| 4:41 | Crear | Villager (Male) |
| 4:41 | Crear | Villager (Male) |
| 4:41 | Crear | Villager (Male) |
| 5:12 | Crear | Villager (Male) |
| 5:23 | Crear | Villager (Male) |
| 5:26 | Construir | Mill |
| 6:01 | Crear | Villager (Male) |
| 6:02 | Crear | Villager (Male) |
| 6:04 | Crear | Villager (Male) |
| 6:52 | Construir | Mill |
| 7:03 | Construir | Mining Camp |
| 7:10 | Crear | Villager (Male) |
| 7:56 | Construir | House |
| 8:04 | Construir | House |
| 8:10 | Crear | Villager (Male) |
| 8:11 | Crear | Villager (Male) |
| 8:14 | Investigar | Feudal Age |
| 8:15 | Investigar | Feudal Age |
| 8:48 | Construir | House |
| 9:29 | Construir | House |
| 10:10 | Construir | House |
| 10:24 | Edad | Edad Feudal |
| 10:28 | Construir | House |
| 10:30 | Crear | Villager (Male) |
| 10:30 | Crear | Villager (Male) |
| 10:44 | Investigar | Double-Bit Axe |
| 10:44 | Investigar | Double-Bit Axe |
| 10:45 | Investigar | Horse Collar |
| 10:45 | Investigar | Horse Collar |
| 11:30 | Investigar | Wheelbarrow |
| 12:11 | Construir | Farm |
| 12:47 | Construir | Farm |
| 13:02 | Construir | Farm |
| 13:03 | Crear | Villager (Male) |
| 13:33 | Construir | Farm |
| 13:43 | Construir | Farm |
| 14:05 | Investigar | Castle Age |
| 14:05 | Investigar | Castle Age |
| 14:05 | Investigar | Castle Age |
| 14:30 | Construir | Lumber Camp |
| 16:31 | Investigar | Gold Mining |
| 16:45 | Edad | Edad de los Castillos |
| 16:46 | Crear | Villager (Male) |
| 16:47 | Crear | Villager (Male) |
| 16:57 | Construir | Town Center |
| 17:04 | Construir | Town Center |
| 17:14 | Investigar | Bow Saw |
| 17:15 | Investigar | Bow Saw |
| 17:15 | Investigar | Heavy Plow |
| 17:15 | Investigar | Heavy Plow |
| 17:15 | Investigar | Heavy Plow |
| 17:26 | Crear | Villager (Male) |
| 17:30 | Construir | Farm |
| 17:53 | Construir | Farm |
| 17:59 | Crear | Villager (Male) |
| 18:00 | Crear | Villager (Male) |
| 18:41 | Construir | Market |
| 18:45 | Crear | Villager (Male) |
| 18:47 | Crear | Villager (Male) |
| 18:48 | Crear | Villager (Male) |
| 18:53 | Construir | Farm |
| 18:59 | Construir | Farm |
| 19:04 | Crear | Villager (Male) |
| 19:10 | Construir | Farm |
| 19:20 | Construir | Farm |
| 19:23 | Crear | Villager (Male) |
| 19:40 | Construir | House |
| 19:41 | Construir | House |
| 19:42 | Construir | House |
| 19:47 | Crear | Villager (Male) |
| 19:48 | Crear | Villager (Male) |
| 19:52 | Construir | Farm |
| 20:03 | Construir | Monastery |
| 20:14 | Crear | Villager (Male) |
| 20:14 | Crear | Villager (Male) |
| 20:21 | Crear | Villager (Male) |
| 20:22 | Crear | Villager (Male) |
| 20:26 | Construir | Farm |
| 20:33 | Construir | Farm |
| 20:41 | Construir | House |
| 20:47 | Crear | Villager (Male) |
| 20:50 | Construir | Farm |
| 21:02 | Crear | Villager (Male) |
| 21:02 | Crear | Villager (Male) |
| 21:02 | Crear | Villager (Male) |
| 21:08 | Construir | Farm |
| 21:13 | Crear | Monk |
| 21:33 | Construir | Farm |
| 21:45 | Construir | Barracks |
| 21:51 | Construir | House |
| 21:54 | Construir | Farm |
| 21:56 | Crear | Villager (Male) |
| 21:57 | Crear | Villager (Male) |
| 21:58 | Crear | Villager (Male) |
| 22:03 | Construir | Farm |
| 22:04 | Construir | Farm |
| 22:06 | Construir | Farm |
| 22:08 | Construir | Farm |
| 22:11 | Construir | House |
| 22:24 | Crear | Monk |
| 22:29 | Investigar | Fervor |
| 22:29 | Investigar | Fervor |
| 22:32 | Construir | Farm |
| 22:33 | Crear | Villager (Male) |
| 22:35 | Crear | Villager (Male) |
| 22:36 | Crear | Villager (Male) |
| 22:36 | Crear | Villager (Male) |
| 22:36 | Crear | Villager (Male) |
| 22:39 | Crear | Villager (Male) |
| 22:39 | Crear | Villager (Male) |
| 22:57 | Construir | Farm |
| 23:01 | Construir | Farm |
| 23:04 | Crear | Villager (Male) |
| 23:05 | Crear | Villager (Male) |
| 23:07 | Construir | Farm |
| 23:08 | Crear | Villager (Male) |
| 23:08 | Crear | Villager (Male) |
| 23:09 | Crear | Villager (Male) |
| 23:09 | Crear | Villager (Male) |
| 23:13 | Crear | Villager (Male) |
| 23:13 | Crear | Villager (Male) |
| 23:13 | Crear | Villager (Male) |
| 23:22 | Construir | Stable |
| 23:34 | Construir | Farm |
| 23:39 | Construir | House |
| 23:42 | Construir | Farm |
| 23:44 | Construir | Farm |
Build order — Lucas
Primeras 150 de 371 acciones detectadas
| 0:00 | Crear | Villager (Male) |
| 0:02 | Construir | House |
| 0:03 | Construir | House |
| 0:05 | Crear | Villager (Male) ×3 |
| 1:32 | Crear | Villager (Male) |
| 1:51 | Construir | Lumber Camp |
| 1:56 | Crear | Villager (Male) |
| 1:56 | Crear | Villager (Male) |
| 2:08 | Crear | Villager (Male) |
| 2:08 | Crear | Villager (Male) |
| 2:29 | Crear | Villager (Male) |
| 2:29 | Crear | Villager (Male) |
| 3:06 | Crear | Villager (Male) |
| 3:06 | Crear | Villager (Male) |
| 3:29 | Crear | Villager (Male) |
| 3:48 | Construir | House |
| 4:05 | Crear | Villager (Male) |
| 4:05 | Crear | Villager (Male) |
| 4:07 | Crear | Villager (Male) |
| 4:07 | Crear | Villager (Male) |
| 4:26 | Construir | Mill |
| 4:31 | Crear | Villager (Male) |
| 4:32 | Crear | Villager (Male) |
| 4:50 | Crear | Villager (Male) |
| 5:29 | Construir | House |
| 5:34 | Crear | Villager (Male) |
| 5:34 | Crear | Villager (Male) |
| 6:05 | Construir | Farm |
| 6:07 | Construir | Farm |
| 7:03 | Crear | Villager (Male) |
| 7:28 | Crear | Villager (Male) |
| 7:32 | Construir | Mining Camp |
| 7:50 | Crear | Villager (Male) |
| 8:04 | Construir | Mining Camp |
| 8:10 | Crear | Villager (Male) |
| 8:41 | Investigar | Feudal Age |
| 9:02 | Construir | Mill |
| 9:16 | Construir | House |
| 9:39 | Crear | Villager (Male) |
| 9:39 | Crear | Villager (Male) |
| 10:56 | Edad | Edad Feudal |
| 11:00 | Construir | Market |
| 11:36 | Crear | Villager (Male) |
| 11:45 | Construir | Blacksmith |
| 11:54 | Crear | Villager (Male) |
| 12:28 | Investigar | Castle Age |
| 12:34 | Construir | House |
| 13:03 | Investigar | Double-Bit Axe |
| 13:04 | Investigar | Double-Bit Axe |
| 14:41 | Investigar | Wheelbarrow |
| 15:16 | Edad | Edad de los Castillos |
| 15:21 | Construir | Town Center |
| 15:26 | Construir | Town Center |
| 15:29 | Construir | Monastery |
| 15:33 | Investigar | Bow Saw |
| 15:57 | Crear | Monk |
| 15:57 | Crear | Monk |
| 16:14 | Crear | Villager (Male) |
| 16:14 | Crear | Villager (Male) |
| 16:16 | Construir | Farm |
| 16:17 | Construir | Farm |
| 16:19 | Construir | Farm |
| 16:20 | Construir | Farm |
| 16:20 | Construir | Farm |
| 16:20 | Construir | Farm |
| 16:20 | Construir | Farm |
| 16:21 | Construir | Farm |
| 16:21 | Construir | Farm |
| 16:21 | Construir | Farm |
| 16:21 | Construir | Farm |
| 16:22 | Construir | Farm |
| 16:22 | Construir | Farm |
| 16:22 | Construir | Farm |
| 16:23 | Construir | Farm |
| 16:23 | Construir | Farm |
| 16:23 | Construir | Farm |
| 16:23 | Construir | Farm |
| 16:24 | Construir | Farm |
| 16:24 | Construir | Farm |
| 16:24 | Construir | Farm |
| 16:42 | Crear | Monk |
| 16:51 | Construir | Farm |
| 16:55 | Construir | Farm |
| 17:12 | Crear | Villager (Male) |
| 17:12 | Crear | Villager (Male) |
| 17:13 | Crear | Villager (Male) |
| 17:13 | Crear | Villager (Male) |
| 17:17 | Construir | Farm |
| 17:18 | Construir | Farm |
| 17:20 | Construir | Farm |
| 17:24 | Construir | Farm |
| 17:47 | Crear | Villager (Male) |
| 17:47 | Crear | Villager (Male) |
| 17:49 | Construir | Farm |
| 18:01 | Construir | Farm |
| 18:03 | Construir | Farm |
| 18:10 | Investigar | Horse Collar |
| 18:15 | Construir | Farm |
| 18:16 | Construir | Farm |
| 18:19 | Crear | Villager (Male) |
| 18:22 | Construir | Farm |
| 18:46 | Crear | Villager (Male) |
| 18:46 | Crear | Villager (Male) |
| 19:22 | Crear | Villager (Male) |
| 19:22 | Crear | Villager (Male) |
| 19:22 | Crear | Villager (Male) |
| 19:29 | Crear | Villager (Male) |
| 19:30 | Crear | Villager (Male) |
| 19:30 | Crear | Villager (Male) |
| 19:34 | Construir | Lumber Camp |
| 19:41 | Construir | Farm |
| 19:42 | Construir | Farm |
| 19:42 | Construir | Farm |
| 19:44 | Construir | Farm |
| 19:47 | Construir | Farm |
| 19:47 | Crear | Villager (Male) |
| 19:47 | Crear | Villager (Male) |
| 19:48 | Crear | Villager (Male) |
| 19:55 | Construir | House |
| 19:57 | Construir | House |
| 19:58 | Construir | House |
| 20:32 | Crear | Villager (Male) |
| 20:33 | Crear | Villager (Male) |
| 20:33 | Crear | Villager (Male) |
| 20:33 | Crear | Villager (Male) |
| 20:37 | Construir | Farm |
| 20:46 | Construir | Town Center |
| 20:47 | Crear | Villager (Male) |
| 20:50 | Construir | Farm |
| 20:51 | Construir | Farm |
| 20:56 | Construir | Farm |
| 21:01 | Crear | Villager (Male) |
| 21:01 | Crear | Villager (Male) |
| 21:16 | Crear | Villager (Male) |
| 21:16 | Crear | Villager (Male) |
| 21:17 | Crear | Villager (Male) |
| 21:19 | Construir | House |
| 21:21 | Construir | House |
| 21:23 | Construir | House |
| 21:34 | Crear | Villager (Male) |
| 21:42 | Crear | Villager (Male) |
| 21:42 | Crear | Villager (Male) |
| 21:42 | Crear | Villager (Male) |
| 21:49 | Crear | Villager (Male) |
| 21:49 | Crear | Villager (Male) |
| 21:56 | Crear | Villager (Male) |
| 21:56 | Crear | Villager (Male) |
| 22:24 | Crear | Villager (Male) |
| 22:25 | Crear | Villager (Male) |
| 22:28 | Construir | Farm |
Build order — Cordeiro
Primeras 150 de 425 acciones detectadas
| 0:02 | Crear | Villager (Male) |
| 0:03 | Crear | Villager (Male) |
| 0:03 | Crear | Villager (Male) |
| 0:03 | Crear | Villager (Male) |
| 0:05 | Construir | House |
| 0:06 | Construir | House |
| 0:08 | Construir | House |
| 1:02 | Investigar | Loom |
| 1:33 | Crear | Villager (Male) |
| 2:07 | Crear | Villager (Male) |
| 2:32 | Crear | Villager (Male) |
| 2:53 | Crear | Villager (Male) |
| 2:55 | Crear | Villager (Male) |
| 3:41 | Crear | Villager (Male) |
| 3:41 | Crear | Villager (Male) |
| 4:47 | Construir | House |
| 4:49 | Construir | Mill |
| 4:57 | Crear | Villager (Male) |
| 4:58 | Crear | Villager (Male) |
| 4:58 | Crear | Villager (Male) |
| 6:13 | Crear | Villager (Male) |
| 6:13 | Crear | Villager (Male) |
| 6:14 | Crear | Villager (Male) |
| 6:14 | Crear | Villager (Male) |
| 6:14 | Crear | Villager (Male) |
| 6:14 | Crear | Villager (Male) |
| 6:15 | Crear | Villager (Male) |
| 6:15 | Crear | Villager (Male) |
| 6:42 | Crear | Villager (Male) |
| 6:42 | Crear | Villager (Male) |
| 6:48 | Construir | House |
| 7:31 | Crear | Villager (Male) |
| 8:26 | Construir | Mining Camp |
| 8:38 | Construir | Lumber Camp |
| 9:03 | Investigar | Feudal Age |
| 9:19 | Construir | Mill |
| 10:04 | Crear | Villager (Male) |
| 10:04 | Crear | Villager (Male) |
| 10:04 | Crear | Villager (Male) |
| 11:18 | Edad | Edad Feudal |
| 11:29 | Construir | Market |
| 11:37 | Construir | Blacksmith |
| 11:49 | Construir | Farm |
| 11:49 | Construir | Farm |
| 12:44 | Investigar | Castle Age |
| 13:30 | Crear | Villager (Male) |
| 13:30 | Crear | Villager (Male) |
| 13:34 | Investigar | Horse Collar |
| 14:15 | Construir | Farm |
| 14:16 | Construir | Farm |
| 14:18 | Construir | Farm |
| 14:26 | Construir | Farm |
| 14:47 | Investigar | Double-Bit Axe |
| 15:24 | Edad | Edad de los Castillos |
| 15:32 | Construir | Castle |
| 15:41 | Crear | Villager (Male) |
| 15:42 | Crear | Villager (Male) |
| 15:55 | Construir | Castle |
| 16:25 | Crear | Villager (Male) |
| 16:28 | Crear | Villager (Male) |
| 16:36 | Construir | House |
| 16:49 | Construir | Town Center |
| 16:57 | Construir | House |
| 16:58 | Construir | House |
| 16:59 | Construir | House |
| 17:16 | Construir | Mining Camp |
| 17:45 | Crear | Villager (Male) |
| 17:57 | Crear | Villager (Male) |
| 18:07 | Construir | House |
| 18:31 | Construir | Siege Workshop |
| 18:52 | Crear | Villager (Male) |
| 18:52 | Crear | Villager (Male) |
| 18:53 | Crear | Villager (Male) |
| 18:54 | Crear | Villager (Male) |
| 18:59 | Construir | Farm |
| 19:00 | Construir | Farm |
| 19:05 | Construir | Farm |
| 19:05 | Construir | Farm |
| 19:16 | Crear | Villager (Male) |
| 19:22 | Construir | Farm |
| 19:25 | Crear | Villager (Male) |
| 19:41 | Construir | Monastery |
| 19:46 | Crear | Villager (Male) |
| 19:46 | Crear | Villager (Male) |
| 19:54 | Construir | Farm |
| 19:58 | Crear | Villager (Male) |
| 20:12 | Crear | Villager (Male) |
| 20:12 | Crear | Villager (Male) |
| 20:38 | Crear | Villager (Male) |
| 20:38 | Crear | Villager (Male) |
| 20:40 | Crear | Villager (Male) |
| 20:46 | Construir | Farm |
| 20:50 | Construir | Farm |
| 20:50 | Construir | Farm |
| 20:50 | Construir | Farm |
| 20:51 | Construir | Farm |
| 20:58 | Crear | Villager (Male) |
| 20:58 | Crear | Villager (Male) |
| 21:02 | Crear | Villager (Male) |
| 21:03 | Crear | Villager (Male) |
| 21:16 | Construir | House |
| 21:17 | Construir | House |
| 21:23 | Construir | Barracks |
| 21:27 | Crear | Villager (Male) |
| 21:27 | Crear | Villager (Male) |
| 21:41 | Crear | Villager (Male) |
| 21:56 | Crear | Villager (Male) |
| 22:02 | Crear | Villager (Male) |
| 22:27 | Construir | Town Center |
| 22:28 | Construir | Farm |
| 22:29 | Construir | Farm |
| 22:29 | Construir | Farm |
| 22:29 | Construir | Farm |
| 22:29 | Construir | Farm |
| 22:30 | Construir | Farm |
| 22:30 | Construir | Farm |
| 22:59 | Crear | Villager (Male) |
| 22:59 | Crear | Villager (Male) |
| 23:00 | Crear | Villager (Male) |
| 23:00 | Crear | Villager (Male) |
| 23:00 | Crear | Villager (Male) |
| 23:00 | Crear | Villager (Male) |
| 23:03 | Construir | Farm |
| 23:04 | Construir | Farm |
| 23:04 | Construir | Farm |
| 23:04 | Construir | Farm |
| 23:12 | Construir | Farm |
| 23:26 | Construir | House |
| 23:27 | Construir | House |
| 23:28 | Construir | House |
| 23:40 | Crear | Villager (Male) |
| 23:41 | Crear | Villager (Male) |
| 23:45 | Crear | Villager (Male) |
| 23:45 | Crear | Villager (Male) |
| 23:45 | Crear | Villager (Male) |
| 23:49 | Construir | Farm |
| 23:56 | Crear | Villager (Male) |
| 24:00 | Construir | House |
| 24:17 | Construir | Farm |
| 24:23 | Crear | Villager (Male) |
| 24:23 | Crear | Villager (Male) |
| 24:27 | Construir | Farm |
| 24:29 | Crear | Villager (Male) |
| 24:29 | Crear | Villager (Male) |
| 24:30 | Crear | Villager (Male) |
| 24:49 | Crear | Villager (Male) |
| 24:50 | Crear | Villager (Male) |
| 24:57 | Construir | Farm |
| 24:57 | Construir | Farm |
| 24:57 | Construir | Farm |
Build order — Throxic
Primeras 150 de 374 acciones detectadas
| 0:01 | Crear | Villager (Male) |
| 0:01 | Crear | Villager (Male) |
| 0:02 | Construir | House |
| 0:05 | Construir | House |
| 0:21 | Crear | Villager (Male) |
| 0:21 | Crear | Villager (Male) |
| 0:22 | Crear | Villager (Male) |
| 1:34 | Crear | Villager (Male) |
| 1:45 | Construir | Lumber Camp |
| 2:01 | Crear | Villager (Male) |
| 2:01 | Crear | Villager (Male) |
| 2:23 | Crear | Villager (Male) |
| 2:23 | Crear | Villager (Male) |
| 2:47 | Crear | Villager (Male) |
| 3:01 | Crear | Villager (Male) |
| 3:26 | Construir | House |
| 3:43 | Crear | Villager (Male) |
| 3:43 | Crear | Villager (Male) |
| 3:43 | Crear | Villager (Male) |
| 4:12 | Construir | Mill |
| 4:34 | Crear | Villager (Male) |
| 4:35 | Crear | Villager (Male) |
| 4:35 | Crear | Villager (Male) |
| 5:03 | Crear | Villager (Male) |
| 5:04 | Crear | Villager (Male) |
| 5:31 | Construir | House |
| 5:34 | Construir | House |
| 6:03 | Crear | Villager (Male) |
| 6:03 | Crear | Villager (Male) |
| 6:25 | Construir | Mill |
| 6:45 | Crear | Villager (Male) |
| 7:25 | Crear | Villager (Male) |
| 7:41 | Investigar | Feudal Age |
| 8:08 | Crear | Villager (Male) |
| 8:08 | Crear | Villager (Male) |
| 10:06 | Edad | Edad Feudal |
| 10:08 | Construir | Market |
| 10:11 | Construir | Blacksmith |
| 10:54 | Investigar | Castle Age |
| 10:54 | Investigar | Castle Age |
| 11:09 | Investigar | Double-Bit Axe |
| 11:45 | Investigar | Horse Collar |
| 11:45 | Investigar | Horse Collar |
| 12:10 | Construir | Farm |
| 12:11 | Construir | Farm |
| 12:13 | Construir | Farm |
| 12:14 | Construir | Farm |
| 12:41 | Construir | Farm |
| 12:42 | Construir | Farm |
| 12:43 | Construir | Farm |
| 12:48 | Crear | Villager (Male) |
| 13:36 | Edad | Edad de los Castillos |
| 13:39 | Construir | Monastery |
| 13:44 | Construir | House |
| 13:47 | Investigar | Bow Saw |
| 13:48 | Crear | Villager (Male) |
| 14:12 | Crear | Villager (Male) |
| 14:16 | Crear | Monk |
| 14:18 | Construir | House |
| 14:33 | Construir | Town Center |
| 14:35 | Crear | Villager (Male) |
| 14:54 | Construir | House |
| 15:04 | Crear | Villager (Male) |
| 15:23 | Construir | House |
| 15:32 | Crear | Villager (Male) |
| 15:32 | Crear | Villager (Male) |
| 15:32 | Crear | Villager (Male) |
| 15:36 | Crear | Villager (Male) |
| 15:36 | Crear | Villager (Male) |
| 15:37 | Crear | Villager (Male) |
| 15:43 | Construir | Town Center |
| 15:47 | Crear | Villager (Male) |
| 15:55 | Construir | House |
| 16:05 | Crear | Villager (Male) |
| 16:06 | Crear | Villager (Male) |
| 16:25 | Construir | Farm |
| 16:28 | Construir | Farm |
| 16:32 | Construir | Farm |
| 16:37 | Construir | Farm |
| 16:40 | Construir | Farm |
| 16:48 | Construir | Farm |
| 16:58 | Crear | Villager (Male) |
| 16:59 | Crear | Villager (Male) |
| 17:11 | Construir | Farm |
| 17:15 | Construir | Farm |
| 17:22 | Crear | Villager (Male) |
| 17:22 | Crear | Villager (Male) |
| 17:33 | Crear | Villager (Male) |
| 17:41 | Construir | Farm |
| 17:42 | Construir | Farm |
| 17:43 | Construir | Farm |
| 17:44 | Construir | Farm |
| 17:47 | Construir | Farm |
| 17:48 | Construir | Farm |
| 17:49 | Crear | Villager (Male) |
| 17:50 | Crear | Villager (Male) |
| 17:51 | Crear | Villager (Male) |
| 18:05 | Construir | House |
| 18:13 | Crear | Villager (Male) |
| 18:17 | Crear | Villager (Male) |
| 18:24 | Crear | Villager (Male) |
| 18:37 | Construir | House |
| 18:38 | Crear | Villager (Male) |
| 18:38 | Crear | Villager (Male) |
| 19:04 | Crear | Villager (Male) |
| 19:04 | Crear | Villager (Male) |
| 19:05 | Crear | Villager (Male) |
| 19:05 | Crear | Villager (Male) |
| 19:10 | Construir | House |
| 19:11 | Construir | House |
| 19:12 | Construir | House |
| 19:30 | Crear | Villager (Male) |
| 19:30 | Crear | Villager (Male) |
| 19:30 | Crear | Villager (Male) |
| 19:35 | Construir | Town Center |
| 19:48 | Construir | Farm |
| 19:49 | Construir | Farm |
| 19:50 | Construir | Farm |
| 19:51 | Construir | Farm |
| 19:53 | Crear | Villager (Male) |
| 19:53 | Crear | Villager (Male) |
| 20:12 | Crear | Monk |
| 20:17 | Crear | Villager (Male) |
| 20:17 | Crear | Villager (Male) |
| 20:18 | Crear | Villager (Male) |
| 20:19 | Crear | Villager (Male) |
| 20:19 | Crear | Villager (Male) |
| 20:29 | Crear | Villager (Male) |
| 20:35 | Construir | House |
| 20:38 | Construir | University |
| 20:43 | Construir | House |
| 20:48 | Construir | House |
| 20:53 | Construir | Lumber Camp |
| 20:56 | Crear | Villager (Male) |
| 21:00 | Crear | Villager (Male) |
| 21:01 | Crear | Villager (Male) |
| 21:02 | Crear | Villager (Male) |
| 21:02 | Crear | Villager (Male) |
| 21:19 | Investigar | Heavy Plow |
| 21:21 | Crear | Villager (Male) |
| 21:21 | Crear | Villager (Male) |
| 21:26 | Crear | Villager (Male) |
| 21:27 | Crear | Villager (Male) |
| 21:33 | Crear | Villager (Male) |
| 21:43 | Crear | Villager (Male) |
| 21:55 | Construir | Farm |
| 21:56 | Construir | Farm |
| 21:57 | Construir | Farm |
| 21:58 | Construir | Farm |
| 21:59 | Construir | Farm |
Build order — ZONA⚡ LAG
Primeras 150 de 249 acciones detectadas
| 0:32 | Construir | Mill |
| 0:43 | Investigar | Loom |
| 0:44 | Crear | Villager (Male) |
| 0:44 | Crear | Villager (Male) |
| 0:44 | Crear | Villager (Male) |
| 1:03 | Construir | Mining Camp |
| 1:33 | Construir | House |
| 3:33 | Crear | Villager (Male) |
| 4:09 | Crear | Villager (Male) |
| 4:35 | Construir | Lumber Camp |
| 5:36 | Crear | Villager (Male) |
| 5:37 | Crear | Villager (Male) |
| 6:00 | Construir | House |
| 6:04 | Construir | House |
| 6:08 | Construir | House |
| 6:18 | Crear | Villager (Male) |
| 6:18 | Crear | Villager (Male) |
| 7:43 | Crear | Villager (Male) |
| 7:44 | Crear | Villager (Male) |
| 8:00 | Construir | Mill |
| 8:59 | Crear | Villager (Male) |
| 9:01 | Crear | Villager (Male) |
| 10:31 | Crear | Villager (Male) |
| 10:35 | Crear | Villager (Male) |
| 10:36 | Crear | Villager (Male) |
| 10:37 | Crear | Villager (Male) |
| 11:57 | Construir | Farm |
| 12:04 | Construir | Farm |
| 12:16 | Construir | Farm |
| 12:27 | Construir | Farm |
| 12:38 | Construir | Farm |
| 13:18 | Construir | Farm |
| 13:49 | Investigar | Feudal Age |
| 15:59 | Edad | Edad Feudal |
| 16:05 | Construir | Blacksmith |
| 16:10 | Construir | Market |
| 16:21 | Construir | Barracks |
| 16:26 | Construir | Watch Tower |
| 16:31 | Construir | Watch Tower |
| 16:49 | Investigar | Wheelbarrow |
| 16:50 | Investigar | Town Watch |
| 17:00 | Investigar | Stone Mining |
| 17:13 | Investigar | Double-Bit Axe |
| 17:33 | Investigar | Horse Collar |
| 17:53 | Investigar | Man-at-Arms (upgrade) |
| 17:54 | Investigar | Arson |
| 18:03 | Crear | Villager (Male) |
| 18:04 | Crear | Villager (Male) |
| 18:47 | Construir | Farm |
| 19:32 | Construir | Archery Range |
| 19:51 | Crear | Villager (Male) |
| 19:53 | Crear | Villager (Male) |
| 19:54 | Crear | Villager (Male) |
| 20:23 | Construir | Lumber Camp |
| 20:38 | Crear | Archer |
| 20:38 | Crear | Archer |
| 20:39 | Crear | Archer |
| 20:39 | Crear | Archer |
| 20:39 | Crear | Archer |
| 20:43 | Crear | Militia |
| 20:44 | Crear | Militia |
| 20:44 | Crear | Militia |
| 20:44 | Crear | Militia |
| 20:53 | Construir | House |
| 21:26 | Investigar | Gold Mining |
| 21:46 | Construir | House |
| 22:32 | Crear | Villager (Male) |
| 22:34 | Crear | Villager (Male) |
| 22:45 | Construir | Watch Tower |
| 23:02 | Construir | Farm |
| 23:13 | Construir | Farm |
| 23:18 | Construir | Farm |
| 23:26 | Construir | Farm |
| 23:41 | Crear | Villager (Male) |
| 23:50 | Construir | House |
| 23:53 | Construir | House |
| 23:54 | Construir | House |
| 24:16 | Investigar | Scale Mail Armor |
| 24:16 | Investigar | Padded Archer Armor |
| 24:17 | Investigar | Fletching |
| 24:18 | Investigar | Forging |
| 24:40 | Construir | Watch Tower |
| 24:57 | Construir | Farm |
| 25:08 | Crear | Villager (Male) |
| 25:09 | Crear | Villager (Male) |
| 25:10 | Crear | Villager (Male) |
| 25:11 | Crear | Villager (Male) |
| 25:17 | Crear | Archer |
| 25:18 | Crear | Archer |
| 25:18 | Crear | Archer |
| 25:22 | Crear | Militia |
| 25:52 | Construir | Mining Camp |
| 26:22 | Construir | Farm |
| 26:30 | Construir | Farm |
| 26:59 | Construir | Farm |
| 27:08 | Crear | Villager (Male) |
| 27:10 | Crear | Villager (Male) |
| 27:12 | Crear | Villager (Male) |
| 27:14 | Crear | Villager (Male) |
| 27:15 | Crear | Villager (Male) |
| 27:16 | Crear | Villager (Male) |
| 27:26 | Crear | Militia |
| 27:26 | Crear | Militia |
| 27:26 | Crear | Militia |
| 27:27 | Crear | Militia |
| 27:27 | Crear | Militia |
| 27:30 | Crear | Archer |
| 27:39 | Construir | Farm |
| 28:09 | Construir | Farm |
| 28:39 | Construir | Farm |
| 28:46 | Crear | Archer |
| 28:46 | Crear | Archer |
| 28:46 | Crear | Archer |
| 28:47 | Crear | Archer |
| 29:01 | Construir | House |
| 29:04 | Construir | House |
| 30:35 | Investigar | Castle Age |
| 31:11 | Crear | Militia |
| 31:12 | Crear | Militia |
| 31:12 | Crear | Militia |
| 33:04 | Crear | Villager (Male) |
| 33:05 | Crear | Villager (Male) |
| 33:15 | Edad | Edad de los Castillos |
| 33:19 | Investigar | Hand Cart |
| 33:19 | Investigar | Town Patrol |
| 33:28 | Investigar | Long Swordsman (upgrade) |
| 33:33 | Investigar | Thumb Ring |
| 33:52 | Construir | Monastery |
| 33:59 | Construir | University |
| 34:19 | Construir | Siege Workshop |
| 34:28 | Construir | House |
| 34:30 | Construir | House |
| 34:32 | Construir | House |
| 34:33 | Construir | House |
| 34:35 | Construir | House |
| 34:36 | Construir | House |
| 35:14 | Investigar | Crossbowman (upgrade) |
| 35:55 | Investigar | Bow Saw |
| 35:58 | Investigar | Stone Shaft Mining |
| 36:12 | Investigar | Sanctity |
| 36:19 | Investigar | Masonry |
| 36:20 | Investigar | Guard Tower (upgrade) |
| 36:27 | Construir | House |
| 36:28 | Construir | House |
| 37:49 | Crear | Villager (Male) |
| 37:49 | Crear | Villager (Male) |
| 37:49 | Crear | Villager (Male) |
| 37:50 | Crear | Villager (Male) |
| 37:50 | Crear | Villager (Male) |
| 37:50 | Crear | Villager (Male) |
Build order — mlovdada
Primeras 150 de 368 acciones detectadas
| 0:02 | Crear | Villager (Male) |
| 0:02 | Crear | Villager (Male) |
| 0:02 | Crear | Villager (Male) |
| 0:04 | Construir | House |
| 0:05 | Construir | House |
| 0:15 | Crear | Villager (Male) |
| 0:15 | Crear | Villager (Male) |
| 0:15 | Crear | Villager (Male) |
| 1:25 | Crear | Villager (Male) |
| 1:25 | Crear | Villager (Male) |
| 1:25 | Crear | Villager (Male) |
| 2:02 | Crear | Villager (Male) |
| 2:02 | Crear | Villager (Male) |
| 2:11 | Crear | Villager (Male) |
| 2:11 | Crear | Villager (Male) |
| 2:46 | Crear | Villager (Male) |
| 2:46 | Crear | Villager (Male) |
| 3:12 | Construir | Lumber Camp |
| 3:14 | Crear | Villager (Male) |
| 3:14 | Crear | Villager (Male) |
| 3:14 | Crear | Villager (Male) |
| 3:42 | Crear | Villager (Male) |
| 3:42 | Crear | Villager (Male) |
| 3:43 | Crear | Villager (Male) |
| 3:43 | Crear | Villager (Male) |
| 3:57 | Construir | House |
| 3:58 | Construir | House |
| 4:00 | Construir | House |
| 4:56 | Crear | Villager (Male) |
| 4:56 | Crear | Villager (Male) |
| 4:56 | Crear | Villager (Male) |
| 4:57 | Crear | Villager (Male) |
| 4:57 | Crear | Villager (Male) |
| 4:57 | Crear | Villager (Male) |
| 5:09 | Construir | House |
| 5:28 | Construir | Mill |
| 6:24 | Construir | Mill |
| 6:42 | Crear | Villager (Male) |
| 6:42 | Crear | Villager (Male) |
| 6:42 | Crear | Villager (Male) |
| 6:42 | Crear | Villager (Male) |
| 6:43 | Crear | Villager (Male) |
| 6:43 | Crear | Villager (Male) |
| 6:43 | Crear | Villager (Male) |
| 7:22 | Crear | Villager (Male) |
| 7:22 | Crear | Villager (Male) |
| 7:23 | Crear | Villager (Male) |
| 7:23 | Crear | Villager (Male) |
| 7:36 | Crear | Villager (Male) |
| 7:36 | Crear | Villager (Male) |
| 7:37 | Crear | Villager (Male) |
| 8:06 | Construir | Mining Camp |
| 8:50 | Construir | Farm |
| 9:00 | Investigar | Feudal Age |
| 9:17 | Construir | Farm |
| 9:51 | Crear | Villager (Male) |
| 9:51 | Crear | Villager (Male) |
| 9:52 | Crear | Villager (Male) |
| 10:20 | Construir | Farm |
| 10:25 | Construir | Farm |
| 10:32 | Crear | Villager (Male) |
| 10:33 | Crear | Villager (Male) |
| 10:33 | Crear | Villager (Male) |
| 11:19 | Crear | Villager (Male) |
| 11:19 | Crear | Villager (Male) |
| 11:22 | Edad | Edad Feudal |
| 11:28 | Construir | Market |
| 11:32 | Construir | Blacksmith |
| 11:54 | Construir | Mining Camp |
| 12:12 | Crear | Villager (Male) |
| 12:28 | Construir | Farm |
| 12:49 | Investigar | Castle Age |
| 13:32 | Investigar | Double-Bit Axe |
| 13:36 | Investigar | Horse Collar |
| 14:00 | Crear | Villager (Male) |
| 14:00 | Crear | Villager (Male) |
| 15:17 | Crear | Villager (Male) |
| 15:17 | Crear | Villager (Male) |
| 15:18 | Crear | Villager (Male) |
| 15:29 | Edad | Edad de los Castillos |
| 15:30 | Crear | Villager (Male) |
| 15:30 | Crear | Villager (Male) |
| 15:34 | Construir | Town Center |
| 15:55 | Construir | Town Center |
| 16:14 | Investigar | Bow Saw |
| 16:24 | Construir | Farm |
| 16:51 | Crear | Villager (Male) |
| 16:51 | Crear | Villager (Male) |
| 16:58 | Construir | Farm |
| 17:00 | Construir | Farm |
| 17:11 | Crear | Villager (Male) |
| 17:11 | Crear | Villager (Male) |
| 17:14 | Construir | Farm |
| 17:15 | Construir | Farm |
| 17:28 | Crear | Villager (Male) |
| 17:36 | Construir | Farm |
| 17:39 | Construir | Farm |
| 17:53 | Crear | Villager (Male) |
| 17:54 | Crear | Villager (Male) |
| 18:09 | Construir | Town Center |
| 18:18 | Crear | Villager (Male) |
| 18:18 | Crear | Villager (Male) |
| 18:18 | Crear | Villager (Male) |
| 18:28 | Construir | Farm |
| 18:30 | Construir | Farm |
| 18:30 | Construir | Farm |
| 18:46 | Investigar | Heavy Plow |
| 18:46 | Investigar | Heavy Plow |
| 19:14 | Construir | House |
| 19:14 | Construir | House |
| 19:15 | Construir | House |
| 19:15 | Construir | House |
| 19:15 | Construir | House |
| 19:15 | Construir | House |
| 19:16 | Construir | House |
| 19:46 | Crear | Villager (Male) |
| 19:46 | Crear | Villager (Male) |
| 19:46 | Crear | Villager (Male) |
| 19:47 | Crear | Villager (Male) |
| 19:47 | Crear | Villager (Male) |
| 19:47 | Crear | Villager (Male) |
| 19:58 | Crear | Villager (Male) |
| 19:58 | Crear | Villager (Male) |
| 19:58 | Crear | Villager (Male) |
| 19:58 | Crear | Villager (Male) |
| 19:59 | Crear | Villager (Male) |
| 20:02 | Construir | Farm |
| 20:04 | Construir | Farm |
| 20:27 | Crear | Villager (Male) ×3 |
| 20:27 | Crear | Villager (Male) ×3 |
| 20:27 | Crear | Villager (Male) ×3 |
| 20:33 | Construir | Lumber Camp |
| 20:54 | Crear | Villager (Male) ×2 |
| 20:54 | Crear | Villager (Male) ×2 |
| 20:55 | Investigar | Loom |
| 21:02 | Crear | Villager (Male) ×2 |
| 21:02 | Crear | Villager (Male) ×2 |
| 21:02 | Crear | Villager (Male) ×2 |
| 21:06 | Construir | Farm |
| 21:08 | Construir | Farm |
| 21:18 | Construir | Castle |
| 21:24 | Construir | Mining Camp |
| 21:25 | Construir | Mining Camp |
| 21:28 | Crear | Villager (Male) |
| 21:33 | Construir | House |
| 21:34 | Construir | House |
| 21:34 | Construir | House |
| 21:34 | Construir | House |
| 21:34 | Construir | House |
| 21:35 | Construir | House |
Build order — Jeff
Primeras 150 de 459 acciones detectadas
| 0:08 | Crear | Villager (Male) ×5 |
| 0:08 | Crear | Villager (Male) ×5 |
| 0:15 | Construir | House |
| 0:17 | Construir | House |
| 1:41 | Crear | Villager (Male) |
| 2:14 | Crear | Villager (Male) |
| 2:14 | Crear | Villager (Male) |
| 2:32 | Crear | Villager (Male) |
| 2:59 | Crear | Villager (Male) |
| 2:59 | Crear | Villager (Male) |
| 3:06 | Construir | Lumber Camp |
| 3:08 | Crear | Villager (Male) |
| 3:08 | Crear | Villager (Male) |
| 3:41 | Crear | Villager (Male) |
| 3:41 | Crear | Villager (Male) |
| 3:41 | Crear | Villager (Male) |
| 3:49 | Construir | House |
| 3:52 | Construir | House |
| 3:55 | Construir | House |
| 4:22 | Crear | Villager (Male) |
| 4:23 | Crear | Villager (Male) |
| 4:24 | Crear | Villager (Male) |
| 4:57 | Crear | Villager (Male) |
| 5:09 | Construir | Mill |
| 5:17 | Construir | Mill |
| 5:20 | Crear | Villager (Male) |
| 5:21 | Crear | Villager (Male) |
| 5:49 | Crear | Villager (Male) |
| 6:02 | Construir | Mill |
| 6:02 | Construir | Mill |
| 6:49 | Crear | Villager (Male) |
| 7:15 | Crear | Villager (Male) |
| 7:42 | Crear | Villager (Male) |
| 8:13 | Investigar | Feudal Age |
| 8:13 | Investigar | Feudal Age |
| 8:30 | Construir | Mining Camp |
| 9:50 | Construir | Farm |
| 9:52 | Construir | Farm |
| 9:57 | Crear | Villager (Male) |
| 9:57 | Crear | Villager (Male) |
| 10:17 | Edad | Edad Feudal |
| 10:35 | Construir | Blacksmith |
| 10:37 | Crear | Villager (Male) |
| 10:50 | Crear | Villager (Male) |
| 11:17 | Crear | Villager (Male) |
| 11:17 | Crear | Villager (Male) |
| 11:26 | Construir | Market |
| 11:49 | Construir | Farm |
| 12:03 | Construir | Farm |
| 12:38 | Investigar | Castle Age |
| 12:52 | Construir | Farm |
| 14:59 | Crear | Villager (Male) |
| 14:59 | Crear | Villager (Male) |
| 14:59 | Crear | Villager (Male) |
| 15:00 | Crear | Villager (Male) |
| 15:00 | Crear | Villager (Male) |
| 15:04 | Edad | Edad de los Castillos |
| 15:06 | Crear | Villager (Male) |
| 15:06 | Crear | Villager (Male) |
| 15:10 | Construir | Town Center |
| 15:19 | Construir | Town Center |
| 15:23 | Construir | House |
| 15:26 | Construir | House |
| 15:27 | Construir | House |
| 15:41 | Crear | Villager (Male) |
| 16:00 | Construir | Farm |
| 16:06 | Construir | Farm |
| 16:21 | Crear | Villager (Male) |
| 16:22 | Crear | Villager (Male) |
| 16:22 | Crear | Villager (Male) |
| 16:27 | Construir | Farm |
| 16:30 | Construir | Farm |
| 16:31 | Crear | Villager (Male) |
| 16:31 | Crear | Villager (Male) |
| 16:31 | Crear | Villager (Male) |
| 16:32 | Crear | Villager (Male) |
| 16:48 | Construir | Farm |
| 17:03 | Crear | Villager (Male) |
| 17:04 | Crear | Villager (Male) |
| 17:10 | Construir | Farm |
| 17:15 | Construir | Farm |
| 17:19 | Construir | Farm |
| 17:21 | Construir | Farm |
| 17:23 | Crear | Villager (Male) |
| 17:24 | Crear | Villager (Male) |
| 17:38 | Construir | Farm |
| 17:43 | Construir | Farm |
| 17:56 | Construir | Farm |
| 18:01 | Crear | Villager (Male) |
| 18:02 | Crear | Villager (Male) |
| 18:02 | Crear | Villager (Male) |
| 18:04 | Construir | Farm |
| 18:12 | Construir | Farm |
| 18:20 | Construir | Farm |
| 18:22 | Construir | Farm |
| 18:24 | Crear | Villager (Male) ×3 |
| 18:24 | Crear | Villager (Male) ×3 |
| 18:33 | Construir | Farm |
| 18:40 | Construir | Farm |
| 18:41 | Crear | Villager (Male) |
| 18:48 | Crear | Villager (Male) |
| 18:48 | Crear | Villager (Male) |
| 18:50 | Crear | Villager (Male) |
| 18:50 | Crear | Villager (Male) |
| 18:57 | Construir | House |
| 19:02 | Construir | House |
| 19:12 | Construir | House |
| 19:16 | Crear | Villager (Male) |
| 19:16 | Crear | Villager (Male) |
| 19:17 | Crear | Villager (Male) |
| 19:24 | Crear | Villager (Male) |
| 19:24 | Crear | Villager (Male) |
| 19:41 | Crear | Villager (Male) |
| 19:41 | Crear | Villager (Male) |
| 19:44 | Crear | Villager (Male) |
| 19:51 | Construir | Town Center |
| 19:57 | Crear | Villager (Male) |
| 20:09 | Crear | Villager (Male) |
| 20:14 | Investigar | Horse Collar |
| 20:18 | Investigar | Double-Bit Axe |
| 20:18 | Investigar | Double-Bit Axe |
| 20:29 | Crear | Villager (Male) ×2 |
| 20:31 | Construir | Farm |
| 20:40 | Crear | Villager (Male) ×2 |
| 20:48 | Construir | Farm |
| 20:53 | Crear | Villager (Male) ×2 |
| 21:08 | Crear | Villager (Male) |
| 21:08 | Crear | Villager (Male) |
| 21:18 | Construir | Farm |
| 21:19 | Crear | Villager (Male) ×3 |
| 21:28 | Construir | Farm |
| 21:30 | Crear | Villager (Male) |
| 21:36 | Construir | House |
| 21:44 | Construir | Farm |
| 21:48 | Crear | Villager (Male) ×3 |
| 21:49 | Crear | Villager (Male) ×3 |
| 21:52 | Construir | House |
| 21:55 | Construir | House |
| 21:57 | Construir | House |
| 22:00 | Construir | House |
| 22:07 | Construir | House |
| 22:10 | Crear | Villager (Male) ×3 |
| 22:10 | Crear | Villager (Male) ×3 |
| 22:24 | Crear | Villager (Male) ×2 |
| 22:30 | Construir | Lumber Camp |
| 22:39 | Construir | House |
| 22:45 | Crear | Villager (Male) ×4 |
| 22:51 | Construir | Farm |
| 22:55 | Crear | Villager (Male) |
| 22:59 | Crear | Villager (Male) ×3 |
Build order — Nick Z
Primeras 150 de 392 acciones detectadas
| 0:02 | Crear | Villager (Male) |
| 0:03 | Crear | Villager (Male) |
| 0:03 | Crear | Villager (Male) |
| 0:03 | Crear | Villager (Male) |
| 0:05 | Construir | House |
| 0:09 | Construir | House |
| 1:37 | Crear | Villager (Male) |
| 1:37 | Crear | Villager (Male) |
| 2:04 | Crear | Villager (Male) |
| 2:13 | Crear | Villager (Male) |
| 2:26 | Construir | Lumber Camp |
| 2:46 | Crear | Villager (Male) |
| 2:46 | Crear | Villager (Male) |
| 2:55 | Crear | Villager (Male) |
| 3:31 | Construir | House |
| 3:32 | Construir | House |
| 3:41 | Crear | Villager (Male) |
| 3:41 | Crear | Villager (Male) |
| 3:41 | Crear | Villager (Male) |
| 4:18 | Crear | Villager (Male) |
| 4:18 | Crear | Villager (Male) |
| 4:21 | Construir | House |
| 4:52 | Crear | Villager (Male) |
| 5:10 | Crear | Villager (Male) |
| 5:40 | Construir | Mill |
| 5:57 | Investigar | Loom |
| 6:00 | Crear | Villager (Male) |
| 6:01 | Crear | Villager (Male) |
| 6:34 | Crear | Villager (Male) |
| 6:35 | Crear | Villager (Male) |
| 6:35 | Crear | Villager (Male) |
| 6:35 | Crear | Villager (Male) |
| 6:36 | Crear | Villager (Male) |
| 6:37 | Crear | Villager (Male) |
| 6:38 | Crear | Villager (Male) |
| 7:34 | Crear | Villager (Male) |
| 8:37 | Construir | Mining Camp |
| 8:53 | Crear | Villager (Male) |
| 8:54 | Crear | Villager (Male) |
| 9:10 | Construir | Mill |
| 9:44 | Investigar | Feudal Age |
| 9:55 | Construir | Lumber Camp |
| 11:02 | Construir | Farm |
| 11:03 | Construir | Farm |
| 11:15 | Construir | Farm |
| 11:43 | Crear | Villager (Male) |
| 11:43 | Crear | Villager (Male) |
| 11:44 | Crear | Villager (Male) |
| 12:17 | Edad | Edad Feudal |
| 12:23 | Construir | Market |
| 12:29 | Construir | Blacksmith |
| 12:42 | Construir | Farm |
| 12:44 | Construir | Farm |
| 12:49 | Construir | Farm |
| 13:38 | Construir | Barracks |
| 13:41 | Investigar | Castle Age |
| 14:18 | Construir | Archery Range |
| 14:27 | Construir | House |
| 14:29 | Construir | House |
| 14:31 | Construir | House |
| 14:35 | Investigar | Double-Bit Axe |
| 14:59 | Crear | Archer |
| 15:00 | Crear | Archer |
| 15:39 | Crear | Spearman |
| 15:40 | Crear | Spearman |
| 15:44 | Crear | Skirmisher |
| 15:44 | Crear | Skirmisher |
| 15:56 | Construir | House |
| 16:03 | Crear | Villager (Male) |
| 16:04 | Crear | Villager (Male) |
| 16:21 | Edad | Edad de los Castillos |
| 16:25 | Construir | Town Center |
| 16:45 | Construir | Town Center |
| 16:50 | Crear | Villager (Male) |
| 16:51 | Crear | Villager (Male) |
| 16:56 | Construir | House |
| 17:22 | Construir | Farm |
| 17:27 | Crear | Villager (Male) |
| 17:28 | Crear | Villager (Male) |
| 17:41 | Crear | Villager (Male) |
| 17:42 | Crear | Villager (Male) |
| 17:49 | Construir | House |
| 17:51 | Construir | House |
| 17:53 | Construir | House |
| 17:54 | Construir | House |
| 17:56 | Crear | Villager (Male) |
| 17:57 | Crear | Villager (Male) |
| 17:57 | Crear | Villager (Male) |
| 18:03 | Crear | Villager (Male) |
| 18:03 | Crear | Villager (Male) |
| 18:13 | Construir | Farm |
| 18:15 | Construir | Farm |
| 18:23 | Crear | Villager (Male) |
| 18:24 | Crear | Villager (Male) |
| 18:32 | Construir | Farm |
| 18:44 | Crear | Villager (Male) |
| 18:44 | Crear | Villager (Male) |
| 18:55 | Construir | Farm |
| 18:56 | Construir | Farm |
| 18:59 | Construir | Farm |
| 19:02 | Crear | Villager (Male) |
| 19:02 | Crear | Villager (Male) |
| 19:20 | Construir | Town Center |
| 19:26 | Crear | Villager (Male) |
| 19:26 | Crear | Villager (Male) |
| 19:31 | Construir | Farm |
| 19:33 | Crear | Villager (Male) |
| 19:34 | Crear | Villager (Male) |
| 19:38 | Construir | Farm |
| 19:45 | Crear | Villager (Male) |
| 19:45 | Crear | Villager (Male) |
| 19:55 | Construir | House |
| 19:57 | Construir | House |
| 19:58 | Construir | House |
| 20:00 | Construir | House |
| 20:02 | Crear | Villager (Male) |
| 20:03 | Crear | Villager (Male) |
| 20:06 | Crear | Villager (Male) |
| 20:06 | Crear | Villager (Male) |
| 20:09 | Construir | Farm |
| 20:23 | Construir | Farm |
| 20:26 | Crear | Villager (Male) |
| 20:26 | Crear | Villager (Male) |
| 20:31 | Crear | Villager (Male) |
| 20:44 | Crear | Villager (Male) |
| 20:44 | Crear | Villager (Male) |
| 20:50 | Construir | Farm |
| 20:51 | Construir | Farm |
| 21:01 | Construir | Farm |
| 21:03 | Construir | Farm |
| 21:05 | Crear | Villager (Male) |
| 21:05 | Crear | Villager (Male) |
| 21:06 | Crear | Villager (Male) |
| 21:15 | Construir | Farm |
| 21:17 | Construir | Farm |
| 21:22 | Construir | Farm |
| 21:26 | Construir | Farm |
| 21:29 | Crear | Villager (Male) |
| 21:29 | Crear | Villager (Male) |
| 21:29 | Crear | Villager (Male) |
| 21:30 | Crear | Villager (Male) |
| 21:42 | Crear | Villager (Male) |
| 21:42 | Crear | Villager (Male) |
| 22:03 | Crear | Villager (Male) |
| 22:03 | Crear | Villager (Male) |
| 22:03 | Crear | Villager (Male) |
| 22:04 | Crear | Villager (Male) |
| 22:08 | Construir | University |
| 22:13 | Construir | Monastery |
| 22:15 | Crear | Villager (Male) |
Cronología de la partida
| 10:06 | Throxic · age_up feudal |
| 10:17 | Jeff · age_up feudal |
| 10:24 | Junior · age_up feudal |
| 10:56 | Lucas · age_up feudal |
| 11:18 | Cordeiro · age_up feudal |
| 11:22 | mlovdada · age_up feudal |
| 12:17 | Nick Z · age_up feudal |
| 12:35 | Cordeiro · first_market_sell 100 stone |
| 13:36 | Throxic · age_up castle |
| 13:38 | Nick Z · first_building Barracks |
| 13:39 | Throxic · first_building Monastery |
| 14:18 | Nick Z · first_building Archery Range |
| 15:04 | Jeff · age_up castle |
| 15:16 | Lucas · age_up castle |
| 15:24 | Cordeiro · age_up castle |
| 15:29 | mlovdada · age_up castle |
| 15:29 | Lucas · first_building Monastery |
| 15:32 | Cordeiro · first_building Castle |
| 15:59 | ZONA⚡ LAG · age_up feudal |
| 16:21 | Nick Z · age_up castle |
| 16:21 | ZONA⚡ LAG · first_building Barracks |
| 16:45 | Junior · age_up castle |
| 17:12 | Lucas · first_market_buy 100 food |
| 18:31 | Cordeiro · first_building Siege Workshop |
| 18:37 | mlovdada · first_market_buy 100 wood |
| 19:32 | ZONA⚡ LAG · first_building Archery Range |
| 19:41 | Cordeiro · first_building Monastery |
| 20:03 | Junior · first_building Monastery |
| 21:18 | mlovdada · first_building Castle |
| 21:23 | Cordeiro · first_building Barracks |
| 21:45 | Junior · first_building Barracks |
| 22:13 | Nick Z · first_building Monastery |
| 23:10 | Jeff · first_building Castle |
| 23:22 | Junior · first_building Stable |
| 24:10 | Lucas · first_building Castle |
| 25:15 | Throxic · first_building Castle |
| 25:31 | mlovdada · first_market_sell 500 stone |
| 25:46 | Nick Z · first_building Siege Workshop |
| 25:48 | mlovdada · first_building Barracks |
| 26:55 | Throxic · first_building Barracks |
| 27:07 | Throxic · first_building Siege Workshop |
| 27:40 | Junior · first_market_sell 100 food |
| 27:42 | Throxic · first_building Archery Range |
| 28:22 | Nick Z · first_building Castle |
| 28:29 | Lucas · first_market_sell 100 food |
| 29:00 | Junior · first_building Siege Workshop |
| 29:10 | mlovdada · age_up imperial |
| 29:31 | Lucas · age_up imperial |
| 29:33 | Jeff · first_building Barracks |
| 29:40 | Nick Z · age_up imperial |
| 29:50 | mlovdada · first_building Siege Workshop |
| 29:56 | Cordeiro · age_up imperial |
| 30:08 | Jeff · first_building Stable |
| 30:25 | Lucas · first_building Siege Workshop |
| 30:32 | Throxic · age_up imperial |
| 30:47 | Jeff · first_building Archery Range |
| 30:56 | Junior · age_up imperial |
| 31:14 | Jeff · age_up imperial |
| 31:37 | Throxic · first_market_sell 100 wood |
| 33:15 | ZONA⚡ LAG · age_up castle |
| 33:52 | ZONA⚡ LAG · first_building Monastery |
| 34:10 | Jeff · first_market_buy 100 wood |
| 34:19 | ZONA⚡ LAG · first_building Siege Workshop |
| 35:32 | Nick Z · first_building Stable |
| 36:18 | Jeff · first_market_sell 100 food |
| 38:01 | Lucas · tribute_sent a jugador 2 |
| 38:01 | Lucas · tribute_sent a jugador 3 |
| 38:01 | Lucas · tribute_sent a jugador 4 |
| 38:01 | Lucas · tribute_sent a jugador 5 |
| 38:01 | Lucas · tribute_sent a jugador 6 |
| 38:01 | Lucas · tribute_sent a jugador 7 |
| 38:01 | Lucas · tribute_sent a jugador 8 |
| 38:54 | Jeff · wall_segment Stone Wall x2 |
| 38:54 | Jeff · wall_segment Stone Wall x1 |
| 39:29 | mlovdada · resign |
| 39:56 | Junior · first_building Castle |
| 41:57 | Lucas · first_building Barracks |
| 42:09 | ZONA⚡ LAG · first_building Castle |
| 42:17 | Lucas · wall_segment Stone Wall x15 |
| 45:23 | Nick Z · wall_segment Stone Wall x1 |
| 46:26 | Lucas · wall_segment Stone Wall x1 |
| 50:06 | ZONA⚡ LAG · age_up imperial |
[ ANÁLISIS IA · 1 CRÉDITO ]
¿Qué pasó realmente en esta partida?
Wolo.gg analiza cada decisión: build order, eco, micro, errores típicos por bracket. Análisis personalizado por WhatsApp o Discord en 30 segundos.
Guía civ
Jemeres
Perfil
Junior